 Dungeon Crawl Stone Soup version 0.21.0 (webtiles) character file.

195 theswoord the Cudgeler (level 5, -15/34 HPs)
             Began as a Gargoyle Abyssal Knight on Jan 7, 2018.
             Was a Priest of Lugonu.
             Demolished by an ogre
             ... wielding a +0 giant spiked club
              (23 damage)
             ... on level 4 of the Dungeon.
             The game lasted 00:07:31 (2736 turns).

theswoord the Cudgeler (Gargoyle Abyssal Knight)    Turns: 2736, Time: 00:07:32

Health: -15/34     AC: 14    Str: 17    XL:     5   Next: 74%
Magic:  6/6        EV:  9    Int: 15    God:    Lugonu [***...]
Gold:   160        SH:  0    Dex: 10    Spells: 4/4 levels left

rFire    . . .     SeeInvis .   a - +1 mace
rCold    . . .     Gourm    .   (no shield)
rNeg     + . .     Faith    .   p - +1 scale mail
rPois    ∞         Spirit   .   (helmet restricted)
rElec    +         Reflect  .   (no cloak)
rCorr    .         Harm     .   j - +0 pair of gloves
MR       .....                  (no boots)
Stlth    ..........             (no amulet)
HPRegen  0.11/turn              n - +2 ring of protection
MPRegen  0.10/turn              (no ring)

@: no status effects
A: hooves 1, horns 1, clever 1, negative energy resistance 1, electricity
resistance, strong 1, unbreathing, petrification resistance, rot immunity, AC +4
a: Depart the Abyss, Bend Space, Banish, Renounce Religion


You were on level 4 of the Dungeon.
You worshipped Lugonu.
Lugonu was most pleased with you.
You were not hungry.

You visited 1 branch of the dungeon, and saw 4 of its levels.
You visited the Abyss 1 time.

You collected 160 gold pieces.

Inventory:

Hand Weapons
 a - a +1 mace (weapon)
Armour
 b - a +0 leather armour
 j - a +0 pair of gloves (worn)
 k - a +0 ring mail
 p - a +1 scale mail (worn)
 t - a +1 helmet
Jewellery
 n - a +2 ring of protection (left hand)
Scrolls
 h - a scroll of amnesia
 l - a scroll of enchant armour
 m - a scroll of remove curse
 s - 2 scrolls of teleportation
Potions
 e - a potion of heal wounds
 f - a potion of invisibility
 g - a potion of berserk rage
 o - 2 potions of lignification
 q - 2 potions of curing {unknown}
 r - a potion of agility {unknown}
 u - a potion of might {unknown}
Comestibles
 c - 9 rations
 v - 2 chunks of flesh


   Skills:
 + Level 4.7 Fighting
 * Level 4.8 Maces & Flails
 - Level 2.1 Armour
 - Level 0.7 Dodging
 - Level 2.0 Invocations


You had 4 spell levels left.
You didn't know any spells.

Dungeon Overview and Level Annotations

Branches:
Dungeon (4/15)
 Temple: D:4-7

Altars:

Annotations:
D:3 kegs's ghost, amateur HOFi


Innate Abilities, Weirdness & Mutations

You are resistant to torment.
Your stone body is resilient. (AC +4)
You are immune to poison.
You resist negative energy. (rN+)
You are resistant to electric shocks. (rElec)
You can survive without breathing.
You are immune to petrification.
You are immune to rotting.
You have large cloven feet.
You have a pair of small horns on your head.
Your mind is acute. (Int +2)
Your muscles are strong. (Str +2)


Message History

A pair of horns grows on your head!
Your +1 helmet falls away!
You feel clever.
Found a stone staircase leading down.
An ogre comes into view. It is wielding a giant spiked club.
The ogre shouts!
The ogre hits you with a giant spiked club!!
Ouch! That really hurt!
* * * LOW HITPOINT WARNING * * *
A worker ant comes into view.
The worker ant twitches its antennae in your direction.
You sock the ogre! You kick the ogre.
The worker ant moves out of view.
The ogre closely misses you.
You sock the ogre! You kick the ogre.
The ogre hits you with a giant spiked club.
* * * LOW HITPOINT WARNING * * *
You hit the ogre but do no damage. You kick the ogre.
The ogre hits you with a giant spiked club!!
Ouch! That really hurt!
You die...

## ##. #.a
#.#.O###
######....@.#
#....######.#.#
#.............#
#....######...#
#....# .>..#
#..))# ....#
##.### #...##
#.# #...# #)#
.....


You could see an ogre and a worker ant.

Vanquished Creatures
  A bullfrog skeleton (D:4)
  An iguana (D:4)
  3 gnolls (D:4)
  5 adders
  An ooze (D:1)
  A worm (D:3)
  2 dart slugs
  3 leopard geckos
  An orc (D:3)
  A giant cockroach (D:1)
  8 hobgoblins
  4 jackals (D:2)
  8 kobolds
  A ball python (D:1)
  5 bats
  3 frilled lizards
  4 goblins
  5 rats
57 creatures vanquished.

Notes
Turn   | Place    | Note
-------+----------+-------------------------------------------
     0 | Abyss:1  | theswoord the Gargoyle Abyssal Knight began the quest for the Orb.
     0 | Abyss:1  | Reached XP level 1. HP: 14/14 MP: 2/2
    44 | D:1      | Escaped the Abyss
   223 | D:1      | Reached XP level 2. HP: 15/19 MP: 3/3
   684 | D:1      | Reached XP level 3. HP: 18/24 MP: 4/4
   888 | D:1      | Reached ** piety under Lugonu
  1352 | D:2      | Reached XP level 4. HP: 29/29 MP: 5/5
  2148 | D:3      | Noticed kegs's ghost (amateur HOFi)
  2526 | D:4      | Reached XP level 5. HP: 22/34 MP: 6/6
  2715 | D:4      | Reached *** piety under Lugonu
  2723 | D:4      | Gained mutation: Your muscles are strong. (Str +2) [potion of mutation]
  2723 | D:4      | Gained mutation: You have large cloven feet. [potion of mutation]
  2723 | D:4      | Gained mutation: You have a pair of small horns on your head. [potion of mutation]
  2723 | D:4      | Gained mutation: Your mind is acute. (Int +2) [potion of mutation]
  2732 | D:4      | Noticed an ogre
  2736 | D:4      | Demolished by an ogre

Skill      XL: |  1  2  3  4 |
---------------+-------------+-----
Maces & Flails | 3 4 |  4.8
Fighting       | 4 |  4.7
Armour         | |  2.1
Dodging        | |  0.7
Invocations    | |  2.0

Action                   |  1- 3 |  4- 6 || total
-------------------------+-------+-------++-------
Melee: Mace              |   119 |   125 ||   244
       Kick              |       |     3 ||     3
  Use: Scroll            |       |    11 ||    11
       Potion            |       |     1 ||     1
  Eat: Chunk             |     1 |     5 ||     6
Armor: Leather armour    |    25 |       ||    25
       Ring mail         |    38 |    43 ||    81
       Scale mail        |       |    27 ||    27
Dodge: Dodged            |    95 |    81 ||   176

Vault maps used:
D:1:      lightli_iron_boxes, serial_glass, glass_columns_b, glass_columns_c,
          minmay_pentomino_o4
D:3:      first_ration, serial_corexii_hall, corexii_hall_statues_l,
          corexii_hall_statues_l
D:4:      interstate_on_off
